 Dungeon Crawl Stone Soup version 0.29-a0-194-g6e3aafee17 (webtiles) character file.

Game seed: 5955709424135107596

3533 Zeldest the Fanfare of Bloodshed (level 9, -1/85 HPs)
             Began as a Deep Dwarf Monk on Feb 22, 2022.
             Was a Believer of Makhleb.
             Slain by a kobold demonologist
             ... wielding a +0 dagger
              (4 damage)
             ... on level 9 of the Dungeon.
             The game lasted 00:10:09 (5295 turns).

Zeldest the Fanfare of Bloodshed (Deep Dwarf Monk)  Turns: 5295, Time: 00:10:09

Health: -1/85      AC: 18    Str: 19    XL:     9   Next: 82%
Magic:  4/4        EV:  9    Int: 11    God:    Makhleb [**....]
Gold:   387        SH:  0    Dex: 15    Spells: 8/8 levels left

rFire   . . .      SeeInvis .   o - +1 demon whip (venom)
rCold   . . .      Faith    .   (no shield)
rNeg    . . .      Spirit   .   u - +3 chain mail {Will+}
rPois   .          Reflect  .   x - +0 helmet
rElec   .          Harm     .   b - +0 cloak
rCorr   .          Rampage  .   y - +0 pair of gloves
Will    ++...                   t - +0 pair of boots
Stlth   ..........              (no amulet)
HPRegen 0.00/turn               (no ring)
MPRegen 0.09/turn               (no ring)

@: no status effects
A: damage resistance, heal wounds, sense surroundings 2, no regeneration
a: Heal Wounds, Renounce Religion, Minor Destruction


You were on level 9 of the Dungeon.
You worshipped Makhleb.
Makhleb was pleased with you.
You visited 1 branch of the dungeon, and saw 9 of its levels.

You collected 387 gold pieces.

Inventory:

Hand Weapons
 a - a +0 hand axe
 o - a +1 demon whip of venom (weapon)
Armour
 b - a +0 cloak (worn)
 t - a +0 pair of boots (worn)
 u - a +3 chain mail of willpower (worn)
 x - a +0 helmet (worn)
 y - a +0 pair of gloves (worn)
Jewellery
 j - a ring of fire
Wands
 c - a wand of digging (4)
Scrolls
 g - 2 scrolls of magic mapping {unknown}
 h - a scroll of amnesia {unknown}
 i - 6 scrolls of blinking
 k - 2 scrolls of noise {unknown}
 l - 3 scrolls of fog
 m - a scroll of immolation {unknown}
 n - 2 scrolls of torment
 q - a scroll of acquirement {unknown}
 r - 2 scrolls of teleportation {unknown}
 w - a scroll of fear {unknown}
Potions
 d - a potion of flight {unknown}
 e - 4 potions of mutation
 f - 2 potions of might {unknown}
 p - a potion of invisibility {unknown}
 s - a potion of brilliance {unknown}
 v - 2 potions of lignification
 z - a potion of ambrosia {unknown}


   Skills:
 + Level 6.4 Fighting
 + Level 7.7 Axes
 + Level 6.7 Armour
 - Level 3.2 Dodging
 - Level 2.4 Stealth
 + Level 8.1 Invocations
 + Level 8.0 Evocations


You had 8 spell levels left.
You didn't know any spells.
Your spell library contained the following spells:

 Spells                   Type           Power      Damage    Failure   Level
 Ensorcelled Hibernation  Hex/Ice        0%         N/A       99%         2
 Passwall                 Tmut/Erth      0%         N/A       99%         2
 Swiftness                Air            0%         N/A       100%        3


Dungeon Overview and Level Annotations

Branches:
Dungeon (10/15)            Temple (0/1) D:6
   Lair: D:8-11         Orc: D:9-12

Altars:
Cheibriados
Hepliaklqana
Makhleb
Qazlal
Wu Jian
The Shining One

Shops:
D:6 (


Innate Abilities, Weirdness & Mutations

You are resistant to damage.
You can heal yourself by infusing magical energy.
You passively map the area around you.
You do not regenerate.


Message History

The kobold demonologist is moderately wounded.
The kobold demonologist barely misses you.
You hit the kobold demonologist.
The kobold demonologist looks as sick as possible!
The kobold demonologist is moderately wounded.
You whack the kobold demonologist!
The kobold demonologist looks as sick as possible!
The kobold demonologist is heavily wounded.
The kobold demonologist miscasts a cantrip.
You barely miss the kobold demonologist.
The kobold demonologist is heavily wounded.
The sun demon hits you.
You are engulfed in flames!
The kobold demonologist hits you with a +0 dagger.
You closely miss the kobold demonologist.
The kobold demonologist is severely wounded.
The sun demon hits you but does no damage.
The kobold demonologist hits you but does no damage.
The sun demon barely misses you.
You hit the kobold demonologist.
The kobold demonologist looks as sick as possible!
The kobold demonologist is almost dead.
The kobold demonologist hits you with a +0 dagger.
The sun demon closely misses you.
You hit the kobold demonologist but do no damage.
The kobold demonologist looks as sick as possible!
The kobold demonologist is almost dead.
The kobold demonologist hits you but does no damage.
The sun demon hits you!!
You are engulfed in flames!!
You closely miss the kobold demonologist.
The kobold demonologist is almost dead.
The kobold demonologist hits you but does no damage.
The sun demon hits you!
* * * LOW HITPOINT WARNING * * *
You are engulfed in flames!
* * * LOW HITPOINT WARNING * * *
You barely miss the kobold demonologist.
The kobold demonologist is almost dead.
The sun demon hits you but does no damage.
The kobold demonologist hits you with a +0 dagger.
You die...

, , * *#..# ,
*#..#+###### * ,
*.........# * *,
*####+####........##**
**,+...?...+..........
* ,,
#.#...#.#..........
#.#._.#.#..>....... *
* ,
#.#..K#.#.#........ ,
, * *
+....3@.'.#........ ,*
, ,
####+############## *
* , , , , , * ≈ ≈ ≈ ,,
, * * ** ≈ , , *≈ ≈ ,
, * * *, ≈≈ , * ,, , ,
, , * ,, ≈ , , , * *,,
, ,


You could see a sun demon (summoned) and a kobold demonologist (extremely
poisoned).

Vanquished Creatures
  Amaemon (D:7)
  An orange demon (D:7)
  Sigmund (D:2)
  Eustachio (D:6)
  Menkaure (D:7)
  A water moccasin (D:6)
  2 sky beasts (D:5)
  2 necrophages (D:6)
  7 ogres
  2 centaurs
  A kobold brigand (D:10)
  Blork the orc (D:6)
  A bullfrog (D:6)
  A wyvern skeleton (D:7)
  A scorpion (D:6)
  A water moccasin skeleton (D:6)
  4 wights (D:6)
  2 bullfrog skeletons
  A jelly (D:6)
  2 orc priests (D:4)
  2 iguanas
  2 orc wizards
  A scorpion zombie (D:5)
  A hound skeleton (D:4)
  8 adders
  3 gnolls (D:4)
  3 white imps
  2 worms (D:3)
  4 dart slugs
  14 orcs
  9 ball pythons
  12 endoplasms
  7 goblins
  6 hobgoblins
  5 quokkas
  9 bats
  4 frilled lizards
  9 kobolds
  2 rats (D:2)
137 creatures vanquished.

Notes
Turn   | Place    | Note
-------+----------+-------------------------------------------
     0 | D:1      | Zeldest the Deep Dwarf Monk began the quest for the Orb.
     0 | D:1      | Reached XP level 1. HP: 20/20 MP: 1/1
   163 | D:1      | Reached XP level 2. HP: 22/27 MP: 1/1
   358 | D:1      | Reached skill level 1 in Armour
   446 | D:1      | Reached skill level 1 in Evocations
   682 | D:1      | Reached skill level 1 in Invocations
   810 | D:1      | Reached XP level 3. HP: 25/34 MP: 1/1
  1206 | D:2      | Noticed Sigmund
  1222 | D:2      | Killed Sigmund
  1223 | D:2      | Reached XP level 4. HP: 35/42 MP: 1/4
  1223 | D:2      | Reached XP level 5. HP: 41/49 MP: 1/5
  1824 | D:2      | Noticed an ogre
  1840 | D:2      | Killed an ogre
  1841 | D:2      | Reached XP level 6. HP: 26/57 MP: 4/4
  2278 | D:3      | Found a stormy altar of Qazlal.
  2557 | D:3      | Found a glowing drain.
  2859 | D:4      | Reached XP level 7. HP: 42/64 MP: 5/5
  2893 | D:4      | Reached skill level 5 in Axes
  3043 | D:4      | HP: 1/64 [ogre/+0 giant club (13)]
  3290 | D:5      | Entered Level 5 of the Dungeon
  3319 | D:5      | Found an ornate altar of the Wu Jian Council.
  3403 | D:5      | Reached skill level 5 in Invocations
  3419 | D:5      | Reached skill level 5 in Evocations
  3419 | D:5      | Reached XP level 8. HP: 60/73 MP: 3/3
  3467 | D:5      | Found a glowing golden altar of the Shining One.
  3467 | D:5      | Found a burning altar of Makhleb.
  3606 | D:5      | Became a worshipper of Makhleb the Destroyer
  3606 | D:5      | Reached * piety under Makhleb
  3606 | D:5      | Reached ** piety under Makhleb
  3699 | D:5      | Found a hazy altar of Hepliaklqana.
  4099 | D:6      | Noticed Eustachio
  4134 | D:6      | Killed Eustachio
  4135 | D:6      | Reached skill level 5 in Fighting
  4248 | D:6      | Noticed Blork the orc
  4262 | D:6      | Killed Blork the orc
  4263 | D:6      | Reached skill level 5 in Armour
  4439 | D:6      | Found a staircase to the Ecumenical Temple.
  4505 | D:6      | Gained mutation: You passively map the area around you.
                  | [Deep Dwarf growth]
  4505 | D:6      | Reached XP level 9. HP: 55/81 MP: 3/5
  4572 | D:6      | Found Gocvaira's Antique Weapon Boutique.
  4996 | D:7      | Noticed an orange demon
  4997 | D:7      | Noticed Amaemon
  5059 | D:7      | Killed Amaemon
  5071 | D:7      | Killed an orange demon
  5231 | D:7      | Noticed Menkaure
  5237 | D:7      | Killed Menkaure
  5256 | D:7      | You fall into a shaft and drop 3 floors!
  5256 | D:10     | Entered Level 10 of the Dungeon
  5267 | D:10     | Noticed a two-headed ogre
  5282 | D:9      | Found a snail-covered altar of Cheibriados.
  5282 | D:9      | Noticed a kobold demonologist
  5287 | D:9      | Noticed a sun demon
  5294 | D:9      | HP: 3/85 [sun demon[a kobold demonologist] (10)]
  5295 | D:9      | Slain by a kobold demonologist

Illustrated notes

Levels and vault maps discovered:
D:1:      dpeg_arrival_boxorama, layout_basic
D:2:      layout_basic, st_stairs_9, kennysheep_potato, uniq_sigmund
D:3:      layout_rooms, nicolae_qazlal_eye_of_the_storm, portal_sewer_entry_e
D:4:      layout_basic
D:5:      layout_rooms, nicolae_overflow_crystal_walls,
          amethyst_overflow_temple_binary, mainiacjoe_overflow_brackets,
          minmay_crossroads
D:6:      layout_gridville, temple_statues, serial_shops, shop_coins,
          kennysheep_small_square, uniq_blork_the_orc, uniq_eustachio
D:7:      layout_loops_ring, uniq_amaemon, uniq_joseph, uniq_menkaure
D:9:      layout_basic, mainiacjoe_overflow_six_doors_small,
          kennysheep_generic_room_2, uniq_erolcha
D:10:     layout_basic, uniq_erica, uniq_urug, uniq_fannar

Skill      XL: |  1  2  3  4  5  6  7  8  9 |
---------------+----------------------------+-----
Armour         | 1 2 3 4 5 6 |  6.7
Fighting       | 3 4 5 6 |  6.4
Evocations     | 1 2 3 5 6 8 |  8.0
Invocations    | 1 2 3 5 6 8 |  8.1
Axes           | 4 5 6 7 |  7.7
Dodging        | |  3.2
Stealth        | |  2.4

Action                   |  1- 3 |  4- 6 |  7- 9 || total
-------------------------+-------+-------+-------++-------
Melee: Hand axe          |    93 |   156 |   440 ||   689
       Punch             |     1 |     1 |    12 ||    14
       Demon whip        |       |       |    45 ||    45
Invok: Minor Destruction |       |       |    11 ||    11
 Abil: Heal Wounds       |     4 |     8 |    31 ||    43
Evoke: Wand              |       |       |     2 ||     2
  Use: Scroll            |       |       |     7 ||     7
       Potion            |       |       |     2 ||     2
 Stab: Sleeping          |    10 |       |       ||    10
Armor: Robe              |     2 |       |       ||     2
       Leather armour    |    15 |     1 |       ||    16
       Chain mail        |       |    73 |   408 ||   481
Dodge: Dodged            |    45 |    47 |   259 ||   351

Table legend: (Time is in decaauts)
 A = Elapsed time spent in this place.
 B = Non-inter-level travel time spent in this place.
 C = Inter-level travel time spent in this place.
 D = Time resting spent in this place.
 E = Time spent auto-exploring this place.
 F = Levels seen in this place.
 G = Mean time per level.
                   A        B        C        D        E       F      G
               +--------+--------+--------+--------+--------+-----+--------+
         Total |   5312 |   4917 |    395 |    300 |   3167 |   9 |  590.2 |
       Dungeon |   5312 |   4917 |    395 |    300 |   3167 |   9 |  590.2 |
               +--------+--------+--------+--------+--------+-----+--------+

Top non-repeatable levels by time:
     D:1: 1086 daAuts
     D:2: 989 daAuts
     D:6: 866 daAuts
     D:5: 767 daAuts
     D:3: 675 daAuts
     D:4: 566 daAuts
     D:7: 323 daAuts
    D:10: 20 daAuts
     D:9: 15 daAuts
